 Dungeon Crawl Stone Soup version 0.28.0-47-ge53b351184 (webtiles) character file.

Game seed: 17721507733761297633

5401 GigaChad the Basher (level 10, -1/88 HPs)
             Began as a Minotaur Fighter on May 9, 2022.
             Was a Believer of Ashenzari.
             Slain by a wraith (2 damage)
             ... led by Josephine
             ... on level 1 of the Orcish Mines.
             The game lasted 00:25:05 (10284 turns).

GigaChad the Basher (Minotaur Fighter)             Turns: 10284, Time: 00:25:06

Health: -1/88      AC: 20    Str: 24    XL:     10   Next: 40%
Magic:  9/9        EV:  5    Int:  5    God:    Ashenzari [**....]
Gold:   1744       SH:  6    Dex: 14    Spells: 9/9 levels left

rFire   . . .      SeeInvis +   h - +8 mace of Supernal Wisdom {vamp, rCorr Str+3, Alch, Evo} (curse)
rCold   . . .      Faith    .   c - +0 buckler
rNeg    + . .      Spirit   .   r - +0 crystal plate armour "Oracular Frustration" {Evo, Cun} (curse)
rPois   .          Reflect  .   (helmet restricted)
rElec   .          Harm     .   (no cloak)
rCorr   +          Rampage  .   (no gloves)
Will    +....                   (no boots)
Stlth   ..........              N - amulet "Chained Together" {Regen+, Comp, Melee} (curse)
HPRegen 1.04/turn               e - ring of positive energy
MPRegen 0.11/turn               T - ring "Restrained With Me" {Will+, Bglg, Melee} (curse)

@: lethally poisoned (-1 -> -4), slowed, very slow
A: horns 2, retaliatory headbutt
a: Renounce Religion, Shatter the Chains


You were on level 1 of the Orcish Mines.
You worshipped Ashenzari.
Ashenzari was pleased with you.
You visited 3 branches of the dungeon, and saw 11 of its levels.

You collected 1744 gold pieces.

Inventory:

Hand Weapons
 a - a +4 long sword
 h - the cursed +8 mace of Supernal Wisdom (weapon) {vamp, rCorr Str+3, Alch, Evo}
   (You found it on level 3 of the Dungeon)

   It occasionally heals its wielder for a portion of the damage dealt when it
   wounds a living foe.
   Str:       It affects your strength (+3).
   rCorr:     It protects you from acid and corrosion.
   It has a curse which improves the following skills: Alchemy: Poison Magic and
   Transmutations.
   Evocations: Evocations.
 o - the +3 spear "Tiloceq" {freeze, Will- Str+5}
   (You found it on level 2 of the Dungeon)

   It freezes those it strikes, dealing additional cold damage.
   It can also slow down cold-blooded creatures.
   Str:       It affects your strength (+5).
   Will:      It decreases your willpower.
 q - a +1 halberd of protection
 s - a +0 halberd
 v - a +3 quarterstaff of chaos
 w - the +0 dagger of Death {chaos, rN+ Stlth+}
   (You found it on level 5 of the Dungeon)

   Each time it hits an enemy it has a different, random effect.
   rN:        It protects you from negative energy.
   Stlth:     It makes you more stealthy.
 x - a +2 scythe of venom
 E - a +0 shortbow
 R - a +1 vorpal falchion
Missiles
 I - 54 arrows
 K - 3 throwing nets (quivered)
 P - 2 atropa-tipped darts
Armour
 b - a +1 scale mail
 c - a +0 buckler (worn)
 r - the cursed +0 crystal plate armour "Oracular Frustration" (worn) {Evo, Cun}
   (You found it on level 4 of the Dungeon)

   It has a curse which improves the following skills: Evocations: Evocations.
   Cunning:   Dodging and Stealth.
 y - an orb of energy
 B - a +0 robe of the Archmagi
 D - a +0 plate armour
 L - a +1 scale mail of willpower
 O - the +2 robe "Xareosh" {-Cast rPois Will+ Dex+2}
   (You found it on level 8 of the Dungeon)

   Dex:       It affects your dexterity (+2).
   rPois:     It protects you from poison.
   -Cast:     It prevents spellcasting.
   Will:      It increases your willpower.
Jewellery
 e - a ring of positive energy (left hand)
 G - a ring of wizardry
 N - the cursed amulet "Chained Together" (around neck) {Regen+, Comp, Melee}
   (You found it on level 7 of the Dungeon)

   [amulet of regeneration]

   Regen:     It increases your rate of health regeneration.
   It has a curse which improves the following skills: Companions: Summonings
   and Necromancy.
   Melee Combat: Short Blades, Long Blades, Axes, Maces & Flails, Polearms,
   Staves and Unarmed Combat.
 T - the cursed ring "Restrained With Me" (right hand) {Will+, Bglg, Melee}
   (You found it on level 9 of the Dungeon)

   [ring of willpower]

   Will:      It increases your willpower.
   It has a curse which improves the following skills: Beguiling: Conjurations,
   Hexes and Translocations.
   Melee Combat: Short Blades, Long Blades, Axes, Maces & Flails, Polearms,
   Staves and Unarmed Combat.
Scrolls
 j - 3 scrolls of silence
 p - a scroll of torment
 t - 2 scrolls of teleportation
 H - a scroll of immolation
 J - 2 scrolls of enchant weapon
 M - 3 scrolls of identify
 S - a scroll of amnesia
Potions
 d - a potion of might
 f - a potion of attraction
 g - 2 potions of heal wounds
 i - 2 potions of magic
 k - 2 potions of lignification
 l - a potion of brilliance
 m - a potion of resistance
 n - 2 potions of degeneration
 u - a potion of ambrosia
 z - a potion of berserk rage
 C - 3 potions of haste
 F - 2 potions of curing
 Q - 2 potions of mutation
 U - a potion of flight


   Skills:
 + Level 8.1 Fighting
 + Level 5.0(6.9) Long Blades
 + Level 11.1(13.0) Maces & Flails
 + Level 10.6 Armour
 + Level 1.6(2.5) Dodging
 + Level 1.2(2.0) Stealth
 + Level 7.1 Shields


You had 9 spell levels left.
You didn't know any spells.
Your spell library contained the following spells:

 Spells                   Type           Power      Damage    Failure   Level
 Corpse Rot               Necr/Air       0%         N/A       100%        2
 Ensorcelled Hibernation  Hex/Ice        0%         N/A       100%        2
 Passwall                 Tmut/Erth      0%         N/A       100%        2
 Swiftness                Air            0%         N/A       100%        3
 Dispel Undead            Necr           0%         3d6       100%        4
 Hailstorm                Conj/Ice       0%         3d3       100%        4
 Ice Form                 Ice/Tmut       0%         N/A       100%        4
 Death Channel            Necr           0%         N/A       100%        6
 Simulacrum               Ice/Necr       0%         N/A       100%        6


Dungeon Overview and Level Annotations

Branches:
Dungeon (9/15)             Temple (1/1) D:5             Orc (1/2) D:9
   Lair: D:8-11

Altars:
Ashenzari
Cheibriados
Dithmenos
Fedhas
Gozag
Hepliaklqana
Kikubaaqudgha
Makhleb
Nemelex Xobeh
Okawaru
Qazlal
Ru
Trog
Uskayaw
Vehumet
Xom
Yredelemnul
Zin
The Shining One

Annotations:
D:9 2 transporters, bobregger's ghost, journeyman OgBe
Orc:1 Josephine


Innate Abilities, Weirdness & Mutations

You have a pair of horns on your head.
You reflexively headbutt those who attack you in melee.


Message History

You feel extremely sick. The wraith hits you but does no damage.
The wraith barely misses you. You block the wraith's attack.
You feel very sick. The wraith completely misses you.
You block the wraith's attack.
You feel very sick.
Josephine hits you with a +2 dagger of venom!
You closely miss the wraith. You headbutt the wraith.
The wraith is severely damaged.
You feel sick.
The wraith hits you but does no damage. x2
The wraith hits you!
* * * LOW HITPOINT WARNING * * *
The wraith drains your vigour!
You feel as though you will be slow longer.
Josephine hits you but does no damage.
You are more poisoned.
You hit the wraith. You headbutt the wraith.
The wraith is almost destroyed.
You feel very sick. The wraith hits you but does no damage.
You block the wraith's attack. The wraith hits you.
* * * LOW HITPOINT WARNING * * *
The wraith hits you but does no damage.
Josephine hits you with a +2 dagger of venom.
* * * LOW HITPOINT WARNING * * *
You are more poisoned.
Blink to where?
Press: ? - help, Dir - move target
As you read the scroll of blinking, it crumbles to dust.
* * * LOW HITPOINT WARNING * * *
You feel extremely sick.
You feel very sick. The wraith hits you but does no damage.
There is a stone staircase leading down here.
You feel very sick. The wraith hits you but does no damage.
The wraith hits you.
* * * LOW HITPOINT WARNING * * *
The wraith hits you but does no damage. The wraith completely misses you.
The wraith hits you.
You die...

#.... ...
##....#...####...
#.....##...#.....
,
#................,
* ,
*#.......#.......
, *
#............... ,
##..............
,,
##.#............#
#.....)W@........
##.#..WWW).....#.
##....)@$.#..... *
#......<........
#...........©...,
, ,
##........#####.
##.......###.©$# *
#.......## {....#
,* ##...$..# ,,
.##. , ,


You could see Josephine and 4 wraiths.

Vanquished Creatures
  Harold (D:7)
  A centaur zombie (D:7)
  Sigmund (D:5)
  A wraith (D:9)
  3 yaks (D:8)
  A steam dragon (D:6)
  An acid dragon (D:5)
  A water moccasin (D:7)
  An ice beast (D:6)
  2 orc warriors
  A sky beast (D:8)
  2 black bears
  2 ogres
  4 necrophages
  3 centaurs
  2 kobold brigands
  Blork the orc (D:6)
  3 bullfrogs
  A scorpion (D:6)
  2 jellies
  5 killer bees (D:9)
  8 wights (D:7)
  3 electric eels (D:9)
  3 hounds (D:6)
  A centaur skeleton (D:6)
  2 gnoll shamans
  8 orc priests
  Crazy Yiuf (D:4)
  An iguana (D:7)
  Natasha (thrice) (D:2)
  Terence (D:2)
  3 orc wizards
  2 killer bee zombies
  A hound skeleton (D:5)
  6 adders
  6 gnolls
  A white imp (D:7)
  2 worms
  5 dart slugs
  22 orcs
  3 bats
  6 endoplasms
  3 giant cockroaches
  5 goblins
  6 hobgoblins
  2 jackals (D:2)
  4 quokkas
  5 ball pythons
  2 frilled lizards
  15 kobolds
  6 rats
175 creatures vanquished.

Vanquished Creatures (others)
  35 plants (D:9)
35 creatures vanquished.

Grand Total: 210 creatures vanquished

Notes
Turn   | Place    | Note
-------+----------+-------------------------------------------
     0 | D:1      | GigaChad the Minotaur Fighter began the quest for the Orb.
     0 | D:1      | Reached XP level 1. HP: 19/19 MP: 0/0
   343 | D:1      | Reached XP level 2. HP: 27/27 MP: 1/1
  1063 | D:2      | Found a radiant altar of Vehumet.
  1112 | D:2      | Noticed Natasha
  1115 | D:2      | Noticed a crimson imp
  1117 | D:2      | Reached XP level 3. HP: 30/33 MP: 2/2
  1120 | D:2      | Killed Natasha
  1228 | D:2      | Noticed Natasha
  1239 | D:2      | Killed Natasha
  1240 | D:2      | Reached XP level 4. HP: 11/40 MP: 3/3
  1354 | D:2      | Noticed Natasha
  1367 | D:2      | Killed Natasha
  1680 | D:2      | Noticed Terence
  1690 | D:2      | Killed Terence
  1691 | D:2      | Reached XP level 5. HP: 27/46 MP: 4/4
  2248 | D:2      | Identified the +3 spear "Tiloceq" {freeze, Will- Str+5}
  2255 | D:2      | Identified a scroll of acquirement
  2255 | D:2      | Acquired 1336 gold pieces
  2356 | D:2      | Found a faded altar of an unknown god.
  2843 | D:3      | Identified the +8 mace of Disembowelment {vamp, rCorr
                  | Str+3}
  3237 | D:4      | Reached skill level 1 in Dodging
  3810 | D:4      | Reached skill level 5 in Long Blades
  3813 | D:4      | Reached skill level 1 in Maces & Flails
  3813 | D:4      | Reached skill level 5 in Armour
  3813 | D:4      | Reached XP level 6. HP: 36/53 MP: 5/5
  4249 | D:4      | Reached skill level 2 in Maces & Flails
  4324 | D:4      | Found a runed translucent door.
  4325 | D:4      | Noticed Crazy Yiuf
  4488 | D:4      | Killed Crazy Yiuf
  4553 | D:5      | Entered Level 5 of the Dungeon
  4666 | D:5      | Identified the +0 dagger of Death {chaos, rN+ Stlth+}
  4671 | D:5      | Found a staircase to the Ecumenical Temple.
  4682 | Temple   | Entered the Ecumenical Temple
  4805 | Temple   | Became a worshipper of Ashenzari the Shackled
  4908 | D:5      | Noticed Sigmund
  4919 | D:5      | Killed Sigmund
  4920 | D:5      | Reached skill level 5 in Fighting
  4920 | D:5      | Reached skill level 3 in Maces & Flails
  4920 | D:5      | Reached XP level 7. HP: 11/61 MP: 6/6
  4925 | D:5      | HP: 3/61 [poisoned by Sigmund]
  4928 | D:5      | HP: 1/61 [poisoned by Sigmund]
  5449 | D:5      | Reached skill level 4 in Maces & Flails
  5686 | D:5      | Reached skill level 5 in Shields
  6050 | D:6      | Reached skill level 5 in Maces & Flails
  6050 | D:6      | Reached XP level 8. HP: 62/70 MP: 7/7
  6180 | D:6      | Reached skill level 6 in Maces & Flails
  6656 | D:6      | Reached skill level 7 in Maces & Flails
  6662 | D:6      | Noticed Blork the orc
  6668 | D:6      | Killed Blork the orc
  6831 | D:6      | Reached skill level 1 in Stealth
  6917 | D:7      | Reached skill level 8 in Maces & Flails
  6917 | D:7      | Reached XP level 9. HP: 45/78 MP: 8/8
  7297 | D:7      | Reached * piety under Ashenzari
  7394 | D:7      | Noticed Harold
  7404 | D:7      | Killed Harold
  7405 | D:7      | Reached skill level 9 in Maces & Flails
  8061 | D:8      | Reached skill level 10 in Maces & Flails
  8079 | D:8      | Identified the +2 robe "Xareosh" {-Cast rPois Will+ Dex+2}
  8272 | D:8      | Reached XP level 10. HP: 55/88 MP: 9/9
  8768 | D:8      | Reached ** piety under Ashenzari
  8873 | D:8      | Reached skill level 10 in Armour
  9234 | D:9      | Noticed bobregger's ghost (journeyman OgBe)
 10148 | D:9      | Found a transporter.
 10153 | D:9      | Found a transporter.
 10167 | D:9      | Found a burning altar of Makhleb.
 10178 | D:9      | Found a staircase to the Orcish Mines.
 10204 | Orc:1    | Entered Level 1 of the Orcish Mines
 10216 | Orc:1    | Reached skill level 11 in Maces & Flails
 10259 | Orc:1    | Noticed an ettin
 10262 | Orc:1    | Noticed a moth of wrath
 10262 | Orc:1    | Noticed Josephine
 10284 | Orc:1    | HP: 1/88 [wraith[Josephine] (6)]
 10284 | Orc:1    | Slain by a wraith

Illustrated notes

Levels and vault maps discovered:
D:1:      dpeg_arrival_boxes_within_box, layout_loops_ring
D:2:      layout_basic, basic_altar, shapermc_ecumenical_altar_mp_highgroup,
          uniq_terence, uniq_natasha
D:3:      layout_basic
D:4:      layout_basic, uniq_crazy_yiuf_cottage
D:5:      layout_loops_ring, minmay_temple_entry_stoned_glass,
          cheibrodos_sewer_entry_bend, uniq_sigmund
D:6:      layout_basic, uniq_blork_the_orc
D:7:      layout_basic, uniq_harold
D:8:      layout_basic
D:9:      layout_loops_ring, kennysheep_little_box, orc_0_dummy, serial_bayou,
          serial_bayou_crossing, serial_bayou_pond_d, serial_bayou_lake_a,
          serial_bayou_pond_c, serial_bayou_ford_a, gammafunk_ghost_hive
Temple:   minmay_crystal_snake_temple
Orc:1:    layout_caves, gammafunk_ghost_wrathful_warriors, minmay_orc_barracks,
          uniq_josephine

Skill      XL: |  1  2  3  4  5  6  7  8  9 10 |
---------------+-------------------------------+-----
Armour         | 4 5 6 8 9 10 | 10.6
Shields        | 4 5 6 7 |  7.1
Long Blades    | 3 4 5 |  5.0
Fighting       | 4 5 6 7 8 |  8.1
Dodging        | 1 |  1.6
Maces & Flails | 1 3 5 8 10 11 | 11.1
Stealth        | 1 |  1.2

Action                   |  1- 3 |  4- 6 |  7- 9 | 10-12 || total
-------------------------+-------+-------+-------+-------++-------
Melee: Long sword        |    57 |    41 |       |       ||    98
       Headbutt          |     8 |    15 |    36 |    20 ||    79
       Mace              |       |    67 |   164 |   125 ||   356
Invok: Curse Item        |       |       |     2 |     2 ||     4
  Use: Scroll            |       |    13 |     4 |     1 ||    18
Armor: Scale mail        |    32 |    57 |       |       ||    89
       Crystal plate arm |       |    23 |   115 |    87 ||   225
Dodge: Dodged            |    32 |    64 |    39 |    34 ||   169
Block: Buckler           |    19 |    33 |    32 |    36 ||   120
